 Dungeon Crawl Stone Soup version 0.25.1-1-g288607f5aa (webtiles) character file.

Game seed: 6376454978526566564

1137 Goreval the Conjurer (level 8, -6/59 HPs)
             Began as a Pale Draconian Conjurer on July 26, 2020.
             Was a High Priest of Jiyva.
             Killed by divine providence
             ... invoked by an orc priest
              (11 damage)
             ... on level 7 of the Dungeon.
             The game lasted 00:09:45 (6642 turns).

Goreval the Conjurer (Pale Draconian Conjurer)      Turns: 6642, Time: 00:09:46

Health: -6/59      AC:  8    Str:  8    XL:     8   Next: 14%
Magic:  12/15      EV: 17    Int: 24    God:    Jiyva [*****.]
Gold:   193        SH:  0    Dex: 10    Spells: 2/16 levels left

rFire    . . .     SeeInvis .   o - +1 dagger (venom)
rCold    . . .     Gourm    .   (no shield)
rNeg     . . .     Faith    .   (armour unavailable)
rPois    .         Spirit   .   (helmet restricted)
rElec    .         Reflect  .   (no cloak)
rCorr    +         Harm     .   h - +0 pair of gloves
MR       .....                  (no boots)
Stlth    +.........             (no amulet)
HPRegen  0.19/turn              n - +4 ring of evasion
MPRegen  0.14/turn              (no ring)

@: slowed, drained, very slow
A: breathe steam, unfitting armour, clever 1, shaggy fur 1, cold-blooded, AC +6
a: Breathe Steam, Request Jelly, Slimify, Cure Bad Mutation, Renounce Religion


You were on level 7 of the Dungeon.
You worshipped Jiyva.
Jiyva was extremely pleased with you.
You were full.

You visited 1 branch of the dungeon, and saw 7 of its levels.

You collected 193 gold pieces.

Inventory:

Hand Weapons
 o - a +1 dagger of venom (weapon)
Missiles
 g - 124 stones (quivered)
Armour
 h - a +0 pair of gloves (worn)
Jewellery
 n - a +4 ring of evasion (left hand)
Scrolls
 a - a scroll of fog {unknown}
 c - a scroll of immolation {unknown}
 e - 7 scrolls of identify {unknown}
 i - a scroll of fear {unknown}
 j - a scroll of blinking {unknown}
 l - 2 scrolls of teleportation {unknown}
 q - a scroll of amnesia {unknown}
 r - 2 scrolls of enchant armour {unknown}
 v - a scroll of enchant weapon {unknown}
Potions
 d - a potion of brilliance {unknown}
 f - a potion of invisibility {unknown}
 k - a potion of lignification {unknown}
 m - 2 potions of curing {unknown}
 p - 2 potions of cancellation {unknown}
 s - a potion of berserk rage {unknown}
 t - a potion of haste {unknown}
 u - a potion of heal wounds {unknown}
Comestibles
 b - 3 rations
 w - a chunk of flesh


   Skills:
 + Level 1.4(0.7) Fighting
 + Level 4.5(3.7) Dodging
 - Level 2.0(1.2) Stealth
 + Level 4.7(3.9) Spellcasting
 * Level 7.8(7.0) Conjurations


You had 2 spell levels left.
You knew the following spells:

 Your Spells              Type           Power        Failure   Level  Hunger
a - Magic Dart            Conj           ####         1%          1    None
b - Searing Ray           Conj           #####.       1%          2    #......
c - Dazzling Flash        Conj/Hex       ###...       7%          3    ##.....
d - Fulminant Prism       Conj/Hex       ###.......   24%         4    ####...
e - Iskenderun's Mystic   Conj/Tloc      ###.....     24%         4    ####...

Your spell library contained the following spells:

 Spells                   Type           Power        Failure   Level  Hunger
 Animate Skeleton         Necr           N/A          10%         1    None
 Pain                     Necr           #...         10%         1    None
 Vampiric Draining        Necr           #.........   30%         3    ##.....
 Animate Dead             Necr           N/A          69%         4    ####...
 Agony                    Necr           #.......     95%         5    ######.


Dungeon Overview and Level Annotations

Branches:
Dungeon (7/15)             Temple (0/1) D:4

Altars:
Nemelex Xobeh
Qazlal
Jiyva


Innate Abilities, Weirdness & Mutations

You can breathe blasts of scalding, opaque steam.
Your pale cyan-grey scales are hard. (AC +6)
You cannot fit into any form of body armour.
You are cold-blooded and may be slowed by cold attacks.
Your mind is acute. (Int +2)
You are covered in fur. (AC +1)


Message History

The magic dart hits the orc warrior.
The orc wizard looks satisfied for a moment.
The orc wizard casts a spell.
The orc wizard blinks!
The orc wizard gestures wildly while chanting.
The orc wizard seems to speed up.
The orc priest miscasts a cantrip.
The orc warrior hits you with a +2 long sword of draining!
You feel drained.
Aim: an orc wizard, wielding a +0 dagger and wearing a +0 robe (fast)
The magic dart hits the orc warrior.
The orc warrior hits you with a +2 long sword of draining!
You feel drained.
* * * LOW HITPOINT WARNING * * *
The orc priest mumbles some strange prayers to Beogh against you.
Beogh smites you!
* * * LOW HITPOINT WARNING * * *
The orc priest calls down the wrath of Beogh upon you.
Beogh smites you!
You die...

#.$o.oo.... #.# #.
#.#.#.#... #.# #.
#...o...# #.# #.
#.#.#.#.# #.###.
#.......# #.#######.....
#..# #............. #.##
#######.#.#.#.
#.#############.........
#oo..oo@.........#.#.#..
################.......#
#.#.#.#.# #.......#
#.#.#.#.# #.......#
######.## #.## #...


You could see an orc warrior, 2 orc priests and an orc wizard (fast).

Vanquished Creatures
  Eustachio (D:5)
  An ice beast (D:6)
  A necrophage (D:7)
  3 ogres
  Blork the orc (D:5)
  A scorpion (D:5)
  A wight (D:5)
  A howler monkey (D:6)
  A crimson imp (D:5)
  A bullfrog zombie (D:5)
  A centaur zombie (D:6)
  2 hounds
  A bullfrog skeleton (D:5)
  4 iguanas
  A worker ant (D:5)
  8 adders
  An ooze (D:2)
  An adder skeleton (D:5)
  An adder zombie (D:6)
  A worm (D:4)
  4 dart slugs
  4 leopard geckos
  5 orcs
  4 bats
  2 giant cockroaches
  4 goblins
  5 hobgoblins
  2 jackals (D:3)
  5 kobolds
  2 quokkas
  2 ball pythons
  4 frilled lizards
  A jackal skeleton (D:6)
  8 rats
85 creatures vanquished.

Vanquished Creatures (others)
  A hungry ghost (D:7)
  A black bear (D:5)
  3 wights (D:6)
  A crimson imp (D:6)
  3 orc wizards
  7 jellies
  An orc priest (D:7)
  A centaur skeleton (D:5)
  An iguana (D:7)
  A worker ant (D:2)
  2 worker ant zombies (D:6)
  A howler monkey zombie (D:5)
  A howler monkey skeleton (D:6)
  An adder zombie (D:6)
  2 leopard geckos
  15 orcs
  A giant cockroach (D:5)
  A goblin (D:2)
  A hobgoblin (D:2)
  A kobold (D:4)
  A quokka (D:2)
  A jackal zombie (D:4)
48 creatures vanquished.

Grand Total: 133 creatures vanquished

Notes
Turn   | Place    | Note
-------+----------+-------------------------------------------
     0 | D:1      | Goreval the Draconian Conjurer began the quest for the Orb.
     0 | D:1      | Reached XP level 1. HP: 14/14 MP: 3/3
   344 | D:1      | Reached XP level 2. HP: 20/20 MP: 1/5
  1304 | D:2      | Reached XP level 3. HP: 26/26 MP: 3/6
  1308 | D:2      | Learned a level 2 spell: Searing Ray
  1312 | D:2      | Learned a level 3 spell: Dazzling Flash
  1503 | D:2      | Found a faded altar of an unknown god.
  1563 | D:2      | Became a worshipper of Jiyva Jutuv the Shapeless
  1563 | D:2      | Reached * piety under Jiyva
  2096 | D:2      | Reached XP level 4. HP: 33/33 MP: 2/7
  2400 | D:3      | Reached skill level 5 in Conjurations
  2466 | D:3      | Found a sparkling altar of Nemelex Xobeh.
  2792 | D:3      | Reached ** piety under Jiyva
  3057 | D:4      | Noticed an ogre
  3068 | D:4      | Killed an ogre
  3068 | D:4      | Reached XP level 5. HP: 38/38 MP: 3/9
  3246 | D:4      | Found a stormy altar of Qazlal.
  3257 | D:4      | Found a staircase to the Ecumenical Temple.
  3270 | D:4      | Noticed an ogre
  3272 | D:4      | Killed an ogre
  3348 | D:4      | Reached *** piety under Jiyva
  3642 | D:5      | Entered Level 5 of the Dungeon
  3697 | D:5      | Reached XP level 6. HP: 43/45 MP: 2/11
  3861 | D:5      | Reached skill level 6 in Conjurations
  3867 | D:5      | Learned a level 4 spell: Fulminant Prism
  4077 | D:5      | Reached **** piety under Jiyva
  4261 | D:5      | Your scales start taking on a pale cyan-grey colour.
  4261 | D:5      | Reached XP level 7. HP: 46/50 MP: 1/12
  4500 | D:5      | Noticed Eustachio
  4516 | D:5      | Killed Eustachio
  4516 | D:5      | Reached skill level 7 in Conjurations
  4595 | D:5      | Noticed Blork the orc
  4610 | D:5      | Killed Blork the orc
  4854 | D:5      | Gained mutation: Your mind is acute. (Int +2) [Jiyva's
                  | grace]
  5265 | D:6      | Learned a level 4 spell: Iskenderun's Mystic Blast
  5301 | D:6      | Reached ***** piety under Jiyva
  5575 | D:6      | Gained mutation: You are covered in fur. (AC +1) [Jiyva's
                  | grace]
  5593 | D:6      | Reached skill level 1 in Fighting
  5593 | D:6      | Reached XP level 8. HP: 48/59 MP: 5/14
  6642 | D:7      | Killed from afar by an orc priest

Illustrated notes

Levels and vault maps discovered:
D:1:      dpeg_arrival_court, layout_loops_ring, chequers_mini_garden
D:2:      layout_basic, chequers_ecumenical_altar_twisty
D:3:      layout_loops_ring, nemelex_lonely_heart_becter
D:4:      layout_rooms, lemuel_doored_altar, minmay_temple_entry_arrows,
          first_ration, corexii_checkpoint_b, minmay_manual_moon
D:5:      layout_gridville, minmay_misc_feat_tiny, uniq_eustachio,
          uniq_blork_the_orc
D:6:      layout_gridville, serial_undead, serial_undead_d, serial_undead_e,
          serial_undead_e, serial_undead_b, kennysheep_another_room
D:7:      layout_basic, serial_glass, glass_columns_a, glass_columns_c,
          glass_columns_b, glass_columns_c, glass_columns_b, glass_columns_b

Skill      XL: |  1  2  3  4  5  6  7 |
---------------+----------------------+-----
Stealth        | 2 |  2.0
Dodging        | 2 3 4 |  4.5
Conjurations   | 5 6 7 |  7.8
Spellcasting   | 3 4 |  4.7
Fighting       | 1 |  1.4

Action                   |  1- 3 |  4- 6 |  7- 9 || total
-------------------------+-------+-------+-------++-------
Melee: Dagger            |     7 |    32 |    10 ||    49
       Tailslap          |     1 |     3 |     1 ||     5
 Cast: Magic Dart        |    74 |   123 |   107 ||   304
       Searing Ray       |       |     2 |       ||     2
       Dazzling Flash    |       |       |     1 ||     1
 Abil: Breathe Steam     |       |       |     1 ||     1
 Stab: Sleeping          |       |       |     1 ||     1
  Eat: Chunk             |     4 |     4 |       ||     8
Armor: Skin              |     1 |    15 |    14 ||    30
Dodge: Dodged            |     5 |    43 |    42 ||    90
